 Dungeon Crawl Stone Soup version 0.29-a0-6-ga859fcf985 (webtiles) character file.

Game seed: 13678727032733060736

154256 GordonOverkill the Brawler (level 17, 0/171 HPs)
             Began as a Troll Air Elementalist on Jan 26, 2022.
             Was the Champion of Hepliaklqana.
             Slain by a broodmother (17 damage)
             ... on level 3 of the Spider Nest on Jan 27, 2022.
             The game lasted 01:35:07 (31326 turns).

GordonOverkill the Brawler (TrAE)                  Turns: 31326, Time: 01:35:07

Health: 0/171      AC: 16    Str: 24    XL:     17   Next: 6%
Magic:  20/20      EV:  5    Int: 11    God:    Hepliaklqana [******]
Gold:   1592       SH:  0    Dex: 12    Spells: 18/18 levels left

rFire   . . .      SeeInvis .     - Unarmed
rCold   . . .      Faith    .   F - +0 kite shield
rNeg    . . .      Spirit   .   H - +0 acid dragon scales
rPois   +          Reflect  +   (helmet restricted)
rElec   .          Harm     .   v - +2 cloak
rCorr   +          Rampage  .   (gloves unavailable)
Will    +....                   (boots unavailable)
Stlth   +.........              K - amulet of reflection
HPRegen 1.18/turn               o - ring of poison resistance
MPRegen 0.17/turn               O - +4 ring of protection

@: held
A: reduced essence, large, unfitting armour, claws 3, regeneration 1, shaggy fur
1, tough skin 1
a: Renounce Religion, Recall Ancestor, Ancestor Identity, Transference, Idealise


You were on level 3 of the Spider Nest.
You worshipped Hepliaklqana.
Hepliaklqana was exalted by your worship.
You visited 4 branches of the dungeon, and saw 27 of its levels.
You also visited: Ossuary, Bailey, Gauntlet, Ice Cave and Volcano.

You collected 3327 gold pieces.
You spent 1735 gold pieces at shops.

Inventory:

Missiles
 g - 22 poisoned darts (quivered)
 h - 2 throwing nets
 u - 2 silver javelins
 x - 15 curare-tipped darts
Armour
 v - a +2 cloak (worn)
 F - a +0 kite shield (worn)
 H - +0 acid dragon scales (worn)
Jewellery
 o - a ring of poison resistance (left claw)
 z - a ring of willpower
 D - a ring of protection from cold
 E - a +6 ring of strength
 K - an amulet of reflection (around neck)
 O - a +4 ring of protection (right claw)
 T - a ring of fire
 V - a +4 ring of protection
Wands
 c - a wand of charming (2)
 j - a wand of paralysis (6)
 w - a wand of mindburst (28)
 C - a wand of iceblast (2)
 G - a wand of acid (3)
 M - a wand of polymorph (23)
Scrolls
 a - 5 scrolls of fear
 d - 12 scrolls of teleportation
 e - 2 scrolls of amnesia
 l - 4 scrolls of fog
 t - 2 scrolls of magic mapping
 y - 9 scrolls of identify
 A - 4 scrolls of enchant armour
 J - 2 scrolls of immolation
 N - a scroll of enchant weapon
 P - a scroll of silence
 U - 3 scrolls of summoning
Potions
 b - 7 potions of attraction
 f - 6 potions of lignification
 i - 5 potions of mutation
 k - 4 potions of cancellation
 m - 5 potions of might
 n - 4 potions of curing
 p - a potion of heal wounds
 r - 2 potions of invisibility
 s - 4 potions of flight
 B - 5 potions of magic
 Q - a potion of ambrosia
 R - a potion of brilliance
 S - 2 potions of haste
 W - 2 potions of berserk rage
 X - a potion of resistance
Miscellaneous
 q - a box of beasts (inert)
 I - a lightning rod (inert)
 L - a tin of tremorstones (1/2)


   Skills:
 - Level 17.0 Fighting
 - Level 1.0 Throwing
 - Level 5.0 Armour
 - Level 5.0 Dodging
 - Level 1.0 Stealth
 - Level 10.0 Shields
 + Level 19.0 Unarmed Combat
 - Level 1.2 Spellcasting
 - Level 0.6 Conjurations
 - Level 2.0 Air Magic
 + Level 5.3 Invocations
 + Level 6.2 Evocations


You had 18 spell levels left.
You didn't know any spells.
Your spell library contained the following spells:

 Spells                   Type           Power      Damage    Failure   Level
 Shock                    Conj/Air       12%        1d3       38%         1
 Static Discharge         Conj/Air       3%         N/A       54%         2
 Slow                     Hex            0%         N/A       58%         1
 Swiftness                Air            5%         N/A       67%         3
 Sublimation of Blood     Necr           0%         N/A       73%         2
 Wereblood                Tmut           0%         N/A       73%         2
 Stone Arrow              Conj/Erth      2%         3d7       88%         3
 Call Canine Familiar     Summ           0%         N/A       91%         3
 Confusing Touch          Hex            0%         N/A       91%         3
 Portal Projectile        Hex/Tloc       0%         N/A       91%         3
 Vampiric Draining        Necr           0%         2d6       91%         3
 Airstrike                Air            2%         N/A       97%         4
 Fulminant Prism          Conj/Hex       0%         3d6       99%         4
 Iskenderun's Mystic Bla  Conj/Tloc      1%         2d3       99%         4
 Sticky Flame             Conj/Fire      1%         2d3       99%         4
 Animate Armour           Summ/Erth      0%         N/A       100%        4
 Cause Fear               Hex            0%         N/A       100%        4
 Dispel Undead            Necr           0%         3d6       100%        4
 Leda's Liquefaction      Hex/Erth       0%         N/A       100%        4
 Passage of Golubria      Tloc           0%         N/A       100%        4
 Petrify                  Tmut/Erth      0%         N/A       100%        4
 Fireball                 Conj/Fire      0%         3d3       100%        5
 Iskenderun's Battlesphe  Conj           2%         2d6       100%        5
 Lee's Rapid Deconstruct  Erth           0%         3d5*      100%        5
 Metabolic Englaciation   Hex/Ice        0%         N/A       100%        5
 Silence                  Hex/Air        1%         N/A       100%        5
 Summon Forest            Summ/Tloc      0%         N/A       100%        5
 Summon Mana Viper        Hex/Summ       0%         N/A       100%        5
 Conjure Ball Lightning   Conj/Air       1%         3x3d6     100%        6
 Statue Form              Tmut/Erth      0%         N/A       100%        6
 Summon Cactus Giant      Summ           0%         N/A       100%        6
 Dragon Form              Tmut           0%         N/A       100%        7
 Orb of Destruction       Conj           1%         9d5       100%        7
 Summon Hydra             Summ           0%         N/A       100%        7
 Lehudib's Crystal Spear  Conj/Erth      0%         10d2      100%        8
 Dragon's Call            Summ           0%         N/A       100%        9


Dungeon Overview and Level Annotations

Branches:
Dungeon (15/15)            Temple (0/1) D:7            Lair (6/6) D:11
  Swamp (0/4) Lair:4       Spider (4/4) Lair:2        Slime (0/5) Lair:6
    Orc (2/2) D:12            Elf (0/3) Orc:2        Vaults (0/5) D:13
 Depths (0/4) D:15        Ossuary (visited)          Bailey (visited)
  IceCv (visited)         Volcano (visited)         Gauntlet (visited)

Altars:
Ashenzari
Cheibriados
Dithmenos
Elyvilon
Fedhas
Hepliaklqana
Kikubaaqudgha
Nemelex Xobeh
Sif Muna
Xom
Yredelemnul
Zin
The Shining One
Beogh

Shops:
D:7 *   D:8 ::   D:12 (   D:14 =   Orc:1 (   Orc:2 (???

Annotations:
D:3 Ijyb
D:4 exclusion: upstairs
D:5 2 transporters, mfcas's ghost, novice DjCj
Lair:2 2 transporters, bgiannan's ghost, journeyman MiFi


Innate Abilities, Weirdness & Mutations

Your life essence is reduced to manifest your ancestor. (-10% HP)
You are too large for most types of armour.
You have claws for hands.
Your natural rate of healing is unusually fast.
You are covered in fur. (AC +1)
You have tough skin. (AC +1)


Message History

Unknown command.
Unknown command.
Unknown command.
Unknown command.
Unknown command.
Unknown command.
Aiming: Iceblast
Press: ? - help, Shift-Dir - straight line, f - broodmother
Aim: a broodmother (severely wounded)
The mass of ice explodes!
The iceblast engulfs the broodmother!
The broodmother is almost dead.
The iceblast engulfs the jumping spider!
The jumping spider is heavily wounded.
The iceblast engulfs the jumping spider!
The jumping spider is heavily wounded.
You block the culicivora's attack. The culicivora bites you!
* * * LOW HITPOINT WARNING * * *
The culicivora draws strength from your injuries!
Aiming: Thunderbolt
Press: ? - help, Shift-Dir - straight line, f/p - broodmother
Aim: a broodmother (almost dead)
The thunderbolt hits the broodmother!
The broodmother is almost dead.
The lightning rod overheats!
The jumping spider leaps!
The culicivora bites you but does no damage.
The jumping spider leaps!
The jumping spider pounces on you!
* * * LOW HITPOINT WARNING * * *
You are caught in a web!
The jumping spider barely misses you.
The culicivora bites you but does no damage.
You struggle to detach yourself from the web.
The broodmother bites you!!
* * * LOW HITPOINT WARNING * * *
The culicivora bites you!
* * * LOW HITPOINT WARNING * * *
The culicivora draws strength from your injuries!
The jumping spider pounces on you.
* * * LOW HITPOINT WARNING * * *
The jumping spider barely misses you. The culicivora barely misses you.
The broodmother bites you!
You die...

##...#..####^...##...............
#.......#..#.....#...............
...........#.....##.........>....
#..........##.....#....^####.....
####........##....#....)^..######
.^.##......^.#....#.......##.....
....##^......#...........##......
.....##......#.s........##.......
......###....#^s@.......#...#####
.........^...#.ss^.s....#........
...........^.....................
...^............................^
......^.......^.^..........######
..^.............................^
########.........^............^..
....................#^^..........
....................#............


You could see a broodmother, 2 culicivoras and 2 jumping spiders.

Vanquished Creatures
  Asterion (Spider:1)
  An azure jelly (D:14)
  3 emperor scorpions
  3 ghost moths
  An orc warlord (Orc:1)
  A spark wasp (Spider:4)
  2 entropy weavers
  A minotaur (Gauntlet)
  A great orb of eyes (D:15)
  Harold (D:8)
  A rakshasa (D:15)
  A jorogumo (Spider:2)
  9 hydras
  6 boulder beetles
  A catoblepas (Gauntlet)
  A death knight (D:11)
  Erica (D:11)
  3 centaur warriors
  A two-headed ogre (D:13)
  An orc high priest (Orc:2)
  A deep troll earth mage (D:10)
  A tengu warrior (Gauntlet)
  A death yak (Lair:6)
  Urug (Orc:2)
  4 pharaoh ants
  A goliath frog (Lair:6)
  4 orb spiders
  2 steelbarb worms
  2 deep elf pyromancers (D:14)
  4 manticores (D:14)
  3 orc sorcerers
  17 ugly things
  12 wolf spiders
  4 orc knights
  A cyclops (D:13)
  A moth of wrath (Spider:2)
  A black mamba (Lair:2)
  A black mamba (shapeshifter) (D:14)
  12 elephants
  15 cane toads
  A molten gargoyle (Gauntlet)
  An unseen horror (D:12)
  3 gargoyles
  A rime drake (Lair:6)
  5 demonic crawlers
  A freezing wraith (D:14)
  A kobold demonologist (D:5)
  An efreet (D:13)
  A tengu conjurer (Gauntlet)
  8 komodo dragons
  2 polar bears (Lair:5)
  4 trolls
  5 meliai
  3 tyrant leeches (Lair:6)
  A hornet (Gauntlet)
  11 tarantellas
  22 blink frogs
  6 slime creatures
  11 jumping spiders
  A vampire (D:12)
  13 culicivoras
  A shadow (D:10)
  7 wyverns
  3 humans (Bailey)
  2 wraiths
  41 yaks
  10 basilisks
  37 redbacks
  3 steam dragons
  6 vampire mosquitoes
  A warg (Orc:2)
  4 acid dragons
  2 swamp worms (Lair:4)
  11 water moccasins
  A hell hound (Volcano)
  An ice beast (D:7)
  An alligator simulacrum (IceCv)
  27 orc warriors
  4 necrophages
  4 black bears
  A sky beast (D:8)
  A hornet zombie (D:6)
  7 ogres
  10 centaurs
  19 wolves
  3 elf zombies (Ossuary)
  4 kobold brigands (D:12)
  16 bullfrogs
  3 gnoll sergeants (D:12)
  2 scorpions
  A wyvern skeleton (D:7)
  8 wights
  9 killer bees
  A lindwurm simulacrum (IceCv)
  3 howler monkeys (D:12)
  6 electric eels
  11 centaur zombies
  A bullfrog zombie (D:6)
  6 human zombies
  4 hounds
  9 orc priests
  A gnoll shaman (D:5)
  A centaur skeleton (D:7)
  3 iguanas
  9 orc wizards
  6 mummies
  2 howler monkey zombies (D:10)
  5 gnolls
  A howler monkey skeleton (D:7)
  4 adders
  2 shadow imps
  A white imp (D:7)
  An adder zombie (D:5)
  2 worms
  5 dart slugs
  58 orcs
  6 endoplasms
  6 giant cockroaches
  10 goblins
  5 hobgoblins
  9 jackals
  9 kobolds
  3 quokkas (D:4)
  7 ball pythons
  9 bats
  3 frilled lizards
  4 rats
693 creatures vanquished.

Vanquished Creatures (collateral kills)
  4 emperor scorpions
  A very ugly thing (IceCv)
  3 entropy weavers
  A spark wasp (Spider:4)
  The ghost of Gelon the Zephyrmancer, a journeyman TeAE of Vehumet (Lair:3)
  A caustic shrike simulacrum (IceCv)
  2 vault guards (Bailey)
  2 boulder beetles
  5 hydras
  A catoblepas (Lair:6)
  A centaur warrior (D:15)
  2 two-headed ogres (D:13)
  An ogre mage (D:13)
  A radroach (Spider:2)
  A fire crab (Volcano)
  2 orb spiders
  A steelbarb worm (Spider:3)
  A wizard (D:15)
  An orc knight (Orc:1)
  A wolf spider (Spider:4)
  An orc sorcerer (Orc:1)
  2 cyclopes (D:13)
  3 ugly things
  3 black mambas
  2 elephants
  2 centaur zombies (D:10)
  A molten gargoyle (Lair:1)
  A torpor snail (shapeshifter) (D:15)
  2 demonic crawlers
  2 torpor snails
  A kobold demonologist (D:13)
  A rime drake (Lair:3)
  A komodo dragon (Lair:3)
  An unseen horror (D:11)
  4 cane toads
  A freezing wraith (D:14)
  A meliai (Spider:1)
  A golden dragon simulacrum (IceCv)
  3 trolls
  Prince Ribbit (Bailey)
  3 tarantellas
  3 hornets
  2 slime creatures (D:15)
  4 blink frogs
  3 culicivoras (Spider:4)
  2 jumping spiders (Spider:4)
  A wraith (D:11)
  8 yaks
  A wyvern (D:11)
  A human (Bailey)
  A basilisk (D:11)
  A fire bat (Volcano)
  A fire elemental (Lair:1)
  16 redbacks
  2 steam dragons (D:8)
  A vampire mosquito (Lair:6)
  A warg (Orc:1)
  A hydra simulacrum (IceCv)
  2 water moccasins
  13 orc warriors
  A black bear (D:11)
  An ice beast (D:5)
  2 alligator simulacra (IceCv)
  An ettin simulacrum (IceCv)
  2 ogres
  5 wolves
  4 centaurs (Orc:2)
  8 bullfrogs
  4 kobold brigands
  A scorpion (D:5)
  A gnoll sergeant (D:12)
  A wyvern zombie (D:8)
  3 killer bees
  3 wights
  An orc priest (D:5)
  A gnoll shaman (D:4)
  A hound (D:6)
  8 orc wizards
  3 gnolls
  An adder (D:5)
  27 orcs
  A ball python (D:4)
  3 goblins
  A hobgoblin (Bailey)
  2 kobolds (D:8)
  A butterfly (Lair:5)
221 creatures vanquished.

Vanquished Creatures (others)
  41 battlemagi
  2 ancestors
  A demonic plant (D:3)
  19 fungi
  106 plants
169 creatures vanquished.

Grand Total: 1083 creatures vanquished

Notes
Turn   | Place    | Note
-------+----------+-------------------------------------------
     0 | D:1      | GordonOverkill the Troll Air Elementalist began the quest
                  | for the Orb.
     0 | D:1      | Reached XP level 1. HP: 16/16 MP: 1/1
    67 | D:1      | Reached skill level 1 in Unarmed Combat
   107 | D:1      | Reached XP level 2. HP: 26/26 MP: 2/2
   247 | D:1      | Reached skill level 1 in Fighting
   247 | D:1      | Reached skill level 2 in Unarmed Combat
   309 | D:1      | Reached XP level 3. HP: 33/33 MP: 3/3
  1182 | D:3      | Reached XP level 4. HP: 26/41 MP: 4/4
  1245 | D:3      | Found a hazy altar of Hepliaklqana.
  1293 | D:3      | Became a worshipper of Hepliaklqana the Forgotten
  1361 | D:3      | Identified the +1 falchion of Generosity {vorpal, rC- Int+3
                  | Dex+2}
  1428 | D:3      | Reached skill level 3 in Unarmed Combat
  1449 | D:3      | Reached skill level 1 in Throwing
  1876 | D:3      | Noticed Ijyb
  1909 | D:3      | Found a faded altar of an unknown god.
  2245 | D:4      | Reached skill level 1 in Invocations
  2245 | D:4      | Reached XP level 5. HP: 40/49 MP: 5/5
  2256 | D:4      | Noticed an orc warrior
  2467 | D:3      | Killed an orc warrior
  2468 | D:3      | Reached skill level 4 in Unarmed Combat
  2514 | D:4      | Reached XP level 6. HP: 48/57 MP: 6/6
  2597 | D:4      | Reached * piety under Hepliaklqana
  2658 | D:4      | Reached skill level 5 in Unarmed Combat
  2704 | D:4      | Reached XP level 7. HP: 19/59 MP: 7/7
  2927 | D:4      | Found a shimmering altar of Xom.
  3044 | D:4      | Found a glowing golden altar of the Shining One.
  3400 | D:5      | Entered Level 5 of the Dungeon
  3580 | D:5      | Reached skill level 6 in Unarmed Combat
  3692 | D:5      | Found a transporter.
  3694 | D:5      | Noticed mfcas's ghost (novice DjCj)
  3702 | D:5      | Found a transporter.
  3726 | D:5      | Reached ** piety under Hepliaklqana
  3734 | D:5      | Reached XP level 8. HP: 55/70 MP: 9/9
  3805 | D:5      | Reached skill level 7 in Unarmed Combat
  3999 | D:5      | Noticed a kobold demonologist
  4013 | D:5      | Noticed an ice devil
  4013 | D:5      | Killed a kobold demonologist
  4014 | D:5      | Reached skill level 8 in Unarmed Combat
  4513 | D:6      | Found a sand-covered staircase.
  4518 | Ossuary  | Entered an ossuary
  4573 | Ossuary  | Reached skill level 5 in Fighting
  4642 | Ossuary  | Reached skill level 9 in Unarmed Combat
  4642 | Ossuary  | Reached XP level 9. HP: 77/79 MP: 10/10
  4953 | D:6      | Reached *** piety under Hepliaklqana
  5063 | D:6      | Found an ancient bone altar of Kikubaaqudgha.
  5064 | D:6      | Found a snail-covered altar of Cheibriados.
  5445 | D:6      | Reached skill level 10 in Unarmed Combat
  5724 | D:7      | Found Jautab's Elemental Accessories.
  5957 | D:7      | Remembered your ancestor No Pain no Gain as a battlemage
  6006 | D:7      | Found a staircase to the Ecumenical Temple.
  6616 | D:8      | Reached XP level 10. HP: 90/90 MP: 12/12
  6627 | D:8      | Reached **** piety under Hepliaklqana
  6729 | D:8      | Found Vimnamn's Book Emporium.
  6736 | D:8      | Identified the +3 long sword of Fate {vorpal, +Blink rPois
                  | rF+ rCorr}
  6741 | D:8      | Reached skill level 11 in Unarmed Combat
  6802 | D:8      | Found Tatso's Self-Improvement Boutique.
  6932 | D:8      | Noticed Harold
  6939 | D:8      | Found a shadowy altar of Dithmenos.
  6947 | D:8      | Killed Harold
  6960 | D:8      | Reached skill level 5 in Invocations
  6971 | D:8      | Reached skill level 12 in Unarmed Combat
  7278 | D:8      | Found a glowing silver altar of Zin.
  7893 | D:9      | Reached XP level 11. HP: 84/99 MP: 13/13
  7943 | D:9      | Found a white marble altar of Elyvilon.
  8155 | D:9      | Reached skill level 13 in Unarmed Combat
  8497 | D:10     | Entered Level 10 of the Dungeon
  8500 | D:10     | Found a blossoming altar of Fedhas.
  8502 | D:10     | Found a broken altar of Ashenzari.
  8507 | D:10     | Reached ***** piety under Hepliaklqana
  8560 | D:10     | Found a shimmering blue altar of Sif Muna.
  8910 | D:10     | Found a flagged portal.
  8922 | Bailey   | Entered a bailey
  9052 | Bailey   | Noticed Prince Ribbit
  9052 | Bailey   | Noticed a vault guard
  9081 | Bailey   | Killed Prince Ribbit
  9084 | Bailey   | Killed a vault guard
  9140 | Bailey   | Noticed a vault guard
  9150 | Bailey   | Killed a vault guard
  9151 | Bailey   | Reached skill level 14 in Unarmed Combat
  9605 | D:10     | Found a basalt altar of Yredelemnul.
  9633 | D:10     | Reached skill level 15 in Unarmed Combat
  9856 | D:11     | Reached XP level 12. HP: 109/110 MP: 14/14
  9935 | D:11     | Noticed an eight-headed hydra
  9935 | D:11     | Noticed an eight-headed hydra
  9935 | D:11     | Noticed a five-headed hydra
  9935 | D:11     | Noticed a centaur warrior
  9935 | D:11     | Noticed a boulder beetle
  9939 | D:11     | Noticed a deep troll earth mage
  9946 | D:11     | Noticed a death knight
 10141 | D:10     | Killed a deep troll earth mage
 10410 | D:11     | Killed a boulder beetle
 10518 | D:11     | Noticed a six-headed hydra
 10653 | D:10     | Killed a six-headed hydra
 10698 | D:11     | Found a staircase to the Lair.
 10751 | Lair:1   | Entered Level 1 of the Lair of Beasts
 10774 | Lair:1   | Reached skill level 16 in Unarmed Combat
 10993 | Lair:1   | Noticed a boulder beetle
 11002 | Lair:1   | Killed a boulder beetle
 11003 | Lair:1   | Reached skill level 10 in Fighting
 12011 | Lair:2   | Found a transporter.
 12012 | Lair:2   | Found a transporter.
 12012 | Lair:2   | Noticed bgiannan's ghost (journeyman MiFi)
 12036 | Lair:2   | Noticed a seven-headed hydra
 12165 | Lair:1   | Killed an eight-headed hydra
 12166 | Lair:1   | Reached skill level 1 in Armour
 12166 | Lair:1   | Reached skill level 1 in Evocations
 12452 | Lair:2   | Noticed an eight-headed hydra
 12576 | Lair:1   | Killed an eight-headed hydra
 12749 | Lair:2   | Found a hole to the Spider Nest.
 12915 | Lair:3   | Found a runed translucent door.
 12919 | Lair:3   | Noticed Gelon's ghost (journeyman TeAE)
 12963 | Lair:3   | Reached XP level 13. HP: 105/121 MP: 15/15
 13235 | Lair:3   | Found a sparkling altar of Nemelex Xobeh.
 13310 | Lair:3   | Reached skill level 17 in Unarmed Combat
 13409 | Lair:3   | Found a transporter.
 13411 | Lair:3   | Found a transporter.
 14049 | Lair:3   | Killed Gelon's ghost
 14558 | Lair:4   | Found a gate leading to a gauntlet.
 14572 | Gauntlet | Entered a Gauntlet
 14572 | Gauntlet | Found a transporter.
 14572 | Gauntlet | Found a transporter.
 14574 | Gauntlet | Reached ****** piety under Hepliaklqana
 14575 | Gauntlet | Found a transporter.
 14595 | Gauntlet | Found a transporter.
 14603 | Gauntlet | Found a transporter.
 14606 | Gauntlet | Found a transporter.
 14616 | Gauntlet | Found a transporter.
 14635 | Gauntlet | Found a transporter.
 14652 | Gauntlet | Found a transporter.
 14660 | Gauntlet | Found a transporter.
 14663 | Gauntlet | Found a transporter.
 14698 | Gauntlet | Found a transporter.
 14926 | Gauntlet | Identified the +9 chain mail of Focus {Regen+ Int+4 Dex-3}
 15062 | Gauntlet | Identified the +5 war axe of Zixafan {holy, rC+ rN+}
 15062 | Gauntlet | Noticed a minotaur
 15069 | Gauntlet | Killed a minotaur
 15416 | Lair:4   | Found a staircase to the Swamp.
 15700 | Lair:5   | Reached skill level 5 in Dodging
 15700 | Lair:5   | Reached XP level 14. HP: 47/131 MP: 16/16
 15771 | Lair:5   | Found a dark tunnel.
 15781 | Volcano  | Entered a volcano
 16069 | Lair:5   | Reached skill level 5 in Armour
 16099 | Lair:5   | You fall into a shaft and drop 1 floor!
 16099 | Lair:6   | Entered Level 6 of the Lair of Beasts
 17325 | Lair:6   | Reached skill level 18 in Unarmed Combat
 17379 | Lair:6   | Found a staircase to the Slime Pits.
 17638 | Lair:6   | Reached skill level 5 in Evocations
 18920 | D:11     | Noticed Erica
 18927 | D:11     | Killed Erica
 19155 | D:8      | Bought a manual of Fighting for 1200 gold pieces
 19209 | D:11     | Upgraded the game from 0.29-a0-1-gf2d273c862 to
                  | 0.29-a0-6-ga859fcf985
 19303 | D:12     | Found a glowing silver altar of Zin.
 19842 | D:12     | Found a staircase to the Orcish Mines.
 20276 | D:13     | Found a snail-covered altar of Cheibriados.
 20292 | D:13     | Reached XP level 15. HP: 98/142 MP: 17/17
 20350 | D:13     | Identified the +0 chain mail of Quefelud {Dex+2 SInv}
 20374 | D:13     | Reached skill level 1 in Shields
 20479 | D:13     | Paralysed by an ogre mage for 6 turns
 20487 | D:13     | Found a gate to the Vaults.
 20976 | D:14     | Found Tico Kudu's Jewellery Boutique.
 21328 | D:14     | Found a frozen archway.
 21328 | D:14     | Noticed an azure jelly
 21340 | D:14     | Killed an azure jelly
 21368 | IceCv    | Entered an ice cave
 21378 | IceCv    | Found a transporter.
 21505 | IceCv    | Identified the +7 whip "Jaihor" {freeze, Str+2 Dex+4}
 21507 | IceCv    | Found a transporter.
 21981 | D:15     | Entered Level 15 of the Dungeon
 22167 | D:14     | Reached skill level 19 in Unarmed Combat
 22766 | D:15     | Reached skill level 5 in Shields
 22931 | D:15     | Found a staircase to the Depths.
 23125 | Orc:1    | Entered Level 1 of the Orcish Mines
 23125 | Orc:1    | Found Gimekiod's Antique Weapon Boutique.
 23316 | Orc:1    | Paralysed by an orc sorcerer for 5 turns
 23385 | Orc:1    | Noticed an orc warlord
 23412 | Orc:1    | Killed an orc warlord
 23550 | Orc:2    | Entered Level 2 of the Orcish Mines
 23826 | Orc:1    | Reached skill level 15 in Fighting
 24527 | Orc:2    | Noticed Urug
 24533 | Orc:2    | Killed Urug
 24595 | Orc:2    | Reached XP level 16. HP: 158/158 MP: 18/18
 24640 | Orc:2    | Found a staircase to the Elven Halls.
 24814 | Orc:2    | Found Wuzot's Magic Scroll Emporium.
 24814 | Orc:2    | Found Nucik's Magic Scroll Shop.
 24816 | Orc:2    | Found Doykkef's Magic Scroll Boutique.
 24818 | Orc:2    | Found Cimepesu's Antique Weapon Shoppe.
 24832 | Orc:2    | Bought a scroll of magic mapping for 56 gold pieces
 24832 | Orc:2    | Bought a scroll of summoning for 152 gold pieces
 24833 | Orc:2    | Bought a scroll of fog for 30 gold pieces
 24833 | Orc:2    | Bought a scroll of teleportation for 45 gold pieces
 24835 | Orc:2    | Bought a scroll of teleportation for 42 gold pieces
 24835 | Orc:2    | Bought a scroll of blinking for 105 gold pieces
 24835 | Orc:2    | Bought a scroll of blinking for 105 gold pieces
 25071 | Spider:1 | Entered Level 1 of the Spider Nest
 25729 | Spider:1 | Noticed Asterion
 25934 | Spider:1 | Killed Asterion
 28829 | Spider:4 | Entered Level 4 of the Spider Nest
 31007 | Spider:4 | Reached skill level 10 in Shields
 31132 | Spider:4 | Reached XP level 17. HP: 149/171 MP: 19/19
 31326 | Spider:3 | Slain by a broodmother

Illustrated notes

Levels and vault maps discovered:
D:1:      minmay_arrival_stair_chambers, layout_basic, minmay_hexomino_p4
D:2:      layout_basic, chequers_serial_rivers_room_a, nrook_loot_triangle,
          minmay_vboxes
D:3:      layout_basic, mainiacjoe_overflow_surrounded_room,
          dreamdust_ecumenical_altar_sealed_demon, uniq_ijyb
D:4:      layout_loops_cross, amcnicky_altar_gilded, tso_metal_star
D:5:      layout_gridville, gammafunk_ghost_mausoleum
D:6:      layout_basic, gammafunk_temple_overflow_pools, enter_ossuary_2
D:7:      layout_basic, minmay_temple_entry_trees, minmay_misc_feat_rows,
          kennysheep_decorative_pillar, grunt_ministairs_15,
          nicolae_concentric_dashed_squares_mild, hangedman_decor_peaks_small,
          nicolae_elemental_shop
D:8:      layout_gridville, lemuel_coloured_pillars_altar, lemuel_tele_altar,
          serial_shops, shop, nicolae_shop_self_help, uniq_harold
D:9:      layout_cave_pools, elyvilon_altar_1, serial_co_window_serial,
          co_window_paths_a, co_window_paths_b, co_window_of_opportunity_a,
          co_window_corner_a, co_window_of_opportunity_a, co_window_corner_a,
          co_window_paths_a, co_window_corner_cb, co_window_corner_ca,
          co_window_of_opportunity_b, co_window_of_opportunity_b,
          co_window_broadway_b, co_window_2corner, co_window_corner_b,
          co_window_paths_e, glass_columns_b, glass_columns_a, glass_columns_a,
          glass_columns_b, serial_bayou_lagoon_a
D:10:     layout_loops_ring, lemuel_mausoleum_altar_yredelemnul, led_sif_pool,
          mainiacjoe_overflow_catch_the_wave, enter_bailey_5
D:11:     layout_irregular_city, minmay_lair_entry_grove, dk_noncrumbling_4,
          onia_ninara_dug_in_and_dangerous, uniq_erica
D:12:     layout_loops_ring, kennysheep_orc_monster_closet_entryway,
          zin_scriptorium
D:13:     layout_roguey, david_vaults_2, hangedman_abyss_or_decor_passed,
          hangedman_decor_points, minmay_misc_feat_four_crosses,
          cheibriados_altar_1
D:14:     wander_river, layout_long_grid, portal_ice_cave_entry_frozen_things,
          minmay_curled_crystal, serial_shops, nicolae_diamond_shop
D:15:     gammafunk_enter_depths_forms, layout_loops_cross,
          minmay_misc_feat_pillars
Lair:1:   layout_gridlike, serial_bayou_pond_a, minivault_19,
          nzn_sisyphean_effort, grunt_megastairs_4
Lair:2:   layout_regular_city, nicolae_spider_entry_orb_guardian,
          gammafunk_ghost_hive, serial_bayou_shore_b
Lair:3:   gammafunk_boulding_lane, layout_regular_city,
          ebering_ghost_inner_flame, basic_altar, serial_bayou_crossing,
          grunt_megastairs_5
Lair:4:   layout_gridlike, nicolae_swamp_entry_splash_gauntlet, serial_bayou,
          serial_bayou_pond_d, serial_bayou_shore_a, serial_bayou_pond_e,
          serial_bayou_pond_a, gauntlet_entry_generic
Lair:5:   layout_big_grid, lightli_volcano_entry_magma_tube,
          lemuel_fruit_fields, lemuel_fruit_fields
Lair:6:   minmay_lair_end_frog_pond, layout_layer_cave, slime_dummy,
          minivault_24
Spider:1: layout_spider_delve, uniq_asterion
Spider:2: layout_spider_delve
Spider:3: layout_spider_delve
Spider:4: guppyfry_spider_rune, drop_trap
Orc:1:    layout_caves, serial_shops, shop
Orc:2:    st_orc_rangers, layout_caves, mines1_david, uniq_urug

Skill      XL: |  1  2  3  4  5  6  7  8  9 10 11 12 13 14 15 16 |
---------------+-------------------------------------------------+-----
Unarmed Combat | 1 2 3 4 5 6 9 10 12 15 16 17 18 19 | 19.0
Fighting       | 1 2 3 5 6 7 9 10 11 12 15 17 | 17.0
Throwing       | 1 |  1.0
Invocations    | 1 2 3 4 5 |  5.3
Dodging        | 2 5 |  5.0
Armour         | 1 4 5 |  5.0
Evocations     | 1 3 5 6 |  6.2
Shields        | 6 10 | 10.0
Stealth        | |  1.0
Spellcasting   | |  1.2
Conjurations   | |  0.6
Air Magic      | |  2.0

Action                   |  1- 3 |  4- 6 |  7- 9 | 10-12 | 13-15 | 16-18 || total
-------------------------+-------+-------+-------+-------+-------+-------++-------
Melee: Unarmed           |   155 |   136 |   255 |   366 |   797 |   403 ||  2112
       Punch             |     3 |     2 |     8 |    33 |    34 |       ||    80
Throw: Dart              |       |       |     3 |       |     1 |       ||     4
Invok: Ancestor Identity |       |     1 |       |       |       |       ||     1
       Recall Ancestor   |       |       |     2 |     2 |     4 |     1 ||     9
       Ancestor Life: Ba |       |       |     1 |       |       |       ||     1
       Idealise          |       |       |       |     1 |     3 |     1 ||     5
Evoke: Wand              |       |       |       |    22 |    31 |    12 ||    65
       Lightning rod     |       |       |       |       |    12 |     5 ||    17
       Tin of tremorston |       |       |       |       |     5 |     3 ||     8
       Box of beasts     |       |       |       |       |     2 |     2 ||     4
  Use: Potion            |     1 |     3 |     1 |     7 |    10 |     3 ||    25
       Scroll            |     1 |       |    13 |     9 |     6 |     6 ||    35
 Stab: Sleeping          |     4 |       |     1 |     3 |     1 |     2 ||    11
       Distracted        |       |       |       |     3 |    13 |     5 ||    21
       Invisible         |       |       |       |       |     1 |       ||     1
       Paralysed         |       |       |       |       |     2 |     1 ||     3
Armor: Robe              |    77 |    34 |    69 |       |       |       ||   180
       Steam dragon scal |       |       |       |   149 |   183 |       ||   332
       Acid dragon scale |       |       |       |       |   130 |   200 ||   330
Dodge: Dodged            |   112 |    45 |   114 |   172 |   330 |   145 ||   918
Block: Other             |       |       |       |       |    86 |       ||    86
       Kite shield       |       |       |       |       |   218 |   338 ||   556
       Reflection        |       |       |       |       |    40 |     5 ||    45

Table legend: (Time is in decaauts)
 A = Elapsed time spent in this place.
 B = Non-inter-level travel time spent in this place.
 C = Inter-level travel time spent in this place.
 D = Time resting spent in this place.
 E = Time spent auto-exploring this place.
 F = Levels seen in this place.
 G = Mean time per level.
                   A        B        C        D        E       F      G
               +--------+--------+--------+--------+--------+-----+--------+
         Total |  30998 |  29275 |   1723 |   5838 |  14727 |  32 |  968.7 |
       Dungeon |  15015 |  13898 |   1117 |   1402 |   8365 |  15 | 1001.0 |
          Lair |   6930 |   6529 |    401 |    984 |   3830 |   6 | 1155.0 |
   Spider Nest |   6098 |   5986 |    112 |   2876 |   1458 |   4 | 1524.5 |
  Orcish Mines |   1718 |   1626 |     92 |    230 |    837 |   2 |  859.0 |
       Ossuary |    201 |    201 |      0 |     18 |     24 |   1 |  201.0 |
        Bailey |    347 |    347 |      0 |     58 |     95 |   1 |  347.0 |
      Ice Cave |    140 |    140 |      0 |     85 |      0 |   1 |  140.0 |
       Volcano |     67 |     67 |      0 |      0 |      0 |   1 |   67.0 |
      Gauntlet |    478 |    478 |      0 |    184 |    117 |   1 |  478.0 |
               +--------+--------+--------+--------+--------+-----+--------+

Top non-repeatable levels by time:
Spider:4: 1969 daAuts
    D:10: 1729 daAuts
Spider:1: 1537 daAuts
  Lair:6: 1384 daAuts
Spider:3: 1330 daAuts
     D:3: 1323 daAuts
  Lair:3: 1322 daAuts
     D:6: 1320 daAuts
  Lair:1: 1276 daAuts
Spider:2: 1261 daAuts
     D:9: 1187 daAuts
    D:11: 1147 daAuts
    D:14: 1139 daAuts
   Orc:2: 1038 daAuts
    D:12: 1037 daAuts
